 Dungeon Crawl Stone Soup version 0.23-a0-350-g6fd5563 (webtiles) character file.

60 Amnesiac the Sneak (level 3, 14/14 HPs)
             Began as a Felid Enchanter on Oct 20, 2018.
             Quit the game on level 3 of the Dungeon.
             The game lasted 00:09:19 (3865 turns).

Amnesiac the Sneak (Felid Enchanter)                Turns: 3865, Time: 00:09:19

Health: 14/14      AC:  1    Str:  4    XL:     3   Next: 80%
Magic:  7/7        EV: 19    Int: 17    God:
Gold:   221        SH:  0    Dex: 16    Spells: 0/6 levels left
                                        Lives:  0   Deaths: 1

rFire    . . .     SeeInvis +     - Unarmed
rCold    . . .     Gourm    .   (shield unavailable)
rNeg     . . .     Faith    .   (armour unavailable)
rPois    .         Spirit   .   (helmet unavailable)
rElec    .         Reflect  .   (cloak unavailable)
rCorr    .         Harm     .   (gloves unavailable)
MR       .....                  (boots unavailable)
Stlth    ++++......             (no amulet)
HPRegen  0.04/turn              (no ring)
MPRegen  0.10/turn              (no ring)

@: quick
A: very small, no armour, no weapons or thrown items, stealth, claws 1, fangs 3,
see invisible, carnivore, speed 1, shaggy fur 1, slow metabolism 1, sharp paws
a: no special abilities


You were on level 3 of the Dungeon.
You were not hungry.

You visited 1 branch of the dungeon, and saw 3 of its levels.

You collected 221 gold pieces.

Inventory:

Scrolls
 a - a scroll of blinking {!r, unknown}
 c - 2 scrolls of enchant weapon {!r, unknown}
 d - a scroll of identify {!r}
 e - a scroll of fog {!r, unknown}
 g - 5 scrolls of remove curse {!r}
 i - a scroll of teleportation {!r}
 j - a scroll of enchant armour {!r, unknown}
 k - a scroll of amnesia {!r}
Potions
 h - a potion of flight {!q}
 m - a potion of mutation {!q}
Comestibles
 b - 5 rations


   Skills:
 + Level 3.6 Dodging
 * Level 6.0 Stealth
 + Level 1.7 Unarmed Combat
 - Level 2.0 Spellcasting
 * Level 5.7 Hexes


You couldn't memorise any spells.
You knew the following spells:

 Your Spells              Type           Power        Failure   Level  Hunger
a - Ensorcelled Hibernat  Hex/Ice        ##....       9%          2    ###....
b - Corona                Hex            ###....      1%          1    #......
w - Tukima's Dance        Hex            ###.....     5%          3    ###....

Your spell library contained the following spells:

 Spells                   Type           Power        Failure   Level  Hunger
 Confuse                  Hex            ###.....     5%          3    ###....
 Dazzling Spray           Conj/Hex       ##....       19%         3    ###....


Dungeon Overview and Level Annotations

Branches:
Dungeon (3/15)

Altars:


Innate Abilities, Weirdness & Mutations

You cannot wear armour.
You are incapable of wielding weapons or throwing items.
Your paws allow you to move quietly. (Stealth)
You have sharp claws.
You have razor-sharp teeth.
You have supernaturally acute eyesight. (SInv)
You are carnivorous and can eat meat at any time.
You cover ground quickly.
You are covered in fur. (AC +1)
You have a slow metabolism.
Your sharp claws are effective at attacking unaware monsters.


Message History

You start resting.
Eating one of 2 chunks of flesh.
You eat one of the 2 chunks of flesh.
This raw flesh tastes great.
Eating a chunk of flesh.
You eat the chunk of flesh.
This raw flesh tastes great.
Magic restored.
You start resting.
Magic restored.
There is a stone staircase leading down, spattered with blood here.
You start resting.
HP restored.
You climb downwards.
The bat completely misses you. The bat misses you.
The bat completely misses you.
There is a stone staircase leading up here.
Casting: Ensorcelled Hibernation (safe; 10% risk of failure)
Confirm with . or Enter, or press ? or * to list all spells.
Aiming: Ensorcelled Hibernation (safe; 10% risk of failure)
Press: ? - help, Shift-Dir - straight line, f - bat
Aim: a bat (chance to defeat MR: 59%)
You miscast Ensorcelled Hibernation.
You are very lightly contaminated with residual magic.
Frost covers your body. The bat barely misses you.
The bat hits you but does no damage.
Casting: Ensorcelled Hibernation (safe; 10% risk of failure)
Confirm with . or Enter, or press ? or * to list all spells.
Aiming: Ensorcelled Hibernation (safe; 10% risk of failure)
Press: ? - help, Shift-Dir - straight line, f/p - bat
Aim: a bat (chance to defeat MR: 59%)
The bat looks drowsy...
The helpless bat fails to defend itself.
You claw the bat!
You kill the bat!
There is a stone staircase leading up here.
You start resting.
The orc priest is too close now for your liking.
Casting: Ensorcelled Hibernation (safe; 10% risk of failure)
Confirm with . or Enter, or press ? or * to list all spells.
Aiming: Ensorcelled Hibernation (safe; 10% risk of failure)
Press: ? - help, Shift-Dir - straight line, f - orc priest
Aim: an orc priest (chance to defeat MR: 41%)
The orc priest resists with some effort.
Unknown command.
Casting: Ensorcelled Hibernation (safe; 10% risk of failure)
Confirm with . or Enter, or press ? or * to list all spells.
Aiming: Ensorcelled Hibernation (safe; 10% risk of failure)
Press: ? - help, Shift-Dir - straight line, f/p - orc priest
Aim: an orc priest (chance to defeat MR: 41%)
The orc priest looks drowsy...
Unknown command.
The orc priest shouts!
The orc priest completely misses you.
You closely miss the orc priest.
The orc priest mumbles some strange prayers to Beogh against you.
Beogh smites you!
Ouch! That really hurt!
* * * LOW HITPOINT WARNING * * *
Okay, then.
The orc priest invokes the aid of Beogh against you.
Beogh smites you!
Ouch! That really hurt!
You die...
You are now level 3!
You rejoin the land of the living...
Found 12 gold pieces.
Are you sure you want to abandon this character and quit the game? (Confirm

.............###
#.#..........# .#..
#............# .#.#
##.###.##########.#.####
#..##.# #..$........
##.##.# #...........
#..#.# ####...........
##.#.. ...............
.... #...@....... #..g
#........... ....
#######.#### #g# #


There were no monsters in sight!

Vanquished Creatures
  Terence (D:2)
  2 adders (D:2)
  An ooze (D:3)
  2 worms (D:2)
  2 dart slugs (D:2)
  3 leopard geckos
  5 orcs
  8 bats
  A giant cockroach (D:3)
  7 hobgoblins
  6 jackals
  A quokka (D:3)
  4 frilled lizards
  11 goblins
  A kobold (D:3)
  A quokka zombie (D:3)
  6 rats
62 creatures vanquished.

Notes
Turn   | Place    | Note
-------+----------+-------------------------------------------
     0 | D:1      | Amnesiac the Felid Enchanter began the quest for the Orb.
     0 | D:1      | Reached XP level 1. HP: 7/7 MP: 4/4
   274 | D:1      | Reached XP level 2. HP: 11/11 MP: 6/6
   278 | D:1      | Learned a level 2 spell: Ensorcelled Hibernation
   628 | D:2      | Noticed Terence
   635 | D:2      | Reached skill level 5 in Stealth
   635 | D:2      | Reached XP level 3. HP: 10/14 MP: 2/7
   643 | D:2      | Learned a level 3 spell: Tukima's Dance
   747 | D:2      | Killed Terence
   747 | D:2      | Reached skill level 5 in Hexes
  1889 | D:2      | Reached XP level 4. HP: 18/18 MP: 5/8
  3795 | D:2      | Reached skill level 6 in Stealth
  3864 | D:3      | Killed from afar by an orc priest
  3865 | D:3      | Reached XP level 3. HP: -7/14 MP: 1/7
  3865 | D:3      | Quit the game

Vault maps used:
D:1:      lightli_arrival_noodles, chequers_jeans
D:2:      kennysheep_big_flooded_room, uniq_terence

Skill      XL: |  1  2  3  4 |
---------------+-------------+-----
Dodging        | 3 |  3.6
Stealth        | 5 6 |  6.0
Hexes          | 5 |  5.7
Unarmed Combat | |  1.7
Spellcasting   | |  2.0

Action                   |  1- 3 |  4- 6 || total
-------------------------+-------+-------++-------
Melee: Unarmed           |    86 |   117 ||   203
       Bite              |     7 |     4 ||    11
 Cast: Corona            |     2 |       ||     2
       Ensorcelled Hiber |    19 |    35 ||    54
       Tukima's Dance    |     1 |     1 ||     2
  Use: Potion            |     7 |       ||     7
       Scroll            |       |     6 ||     6
 Stab: Sleeping          |    15 |    26 ||    41
  Eat: Chunk             |     9 |     8 ||    17
Armor: Skin              |     5 |    17 ||    22
Dodge: Dodged            |    93 |   166 ||   259

Table legend:
 A = Non-vault XP
 B = Vault XP
 C = Vault XP percentage of total XP
 D = Non-vault monster count
 E = Vault monster count
 F = Vault count percentage of total count
                 A         B        C        D         E       F
            +---------+---------+-------+---------+---------+-------
      Total |     144 |      33 |  18.6 |      59 |       3 |   4.8
            +---------+---------+-------+---------+---------+-------
        D:1 |      23 |       0 |   0.0 |      13 |       0 |   0.0
        D:2 |      59 |      33 |  35.9 |      18 |       3 |  14.3
        D:3 |      62 |       0 |   0.0 |      28 |       0 |   0.0
            +---------+---------+-------+---------+---------+-------
